 Dungeon Crawl Stone Soup version 0.31.0-12-g77e489cdc1 (webtiles) character file.

Game seed: 17942015969564558708

486 spaghetti the Caller (level 7, -7/55 HPs)
             Began as a Naga Summoner on Feb 23, 2024.
             Killed by divine providence
             ... invoked by an orc priest
              (11 damage)
             ... on level 3 of the Dungeon.
             The game lasted 00:05:32 (3125 turns).

spaghetti the Caller (Naga Summoner)                Turns: 3125, Time: 00:05:32

Health: -7/55      AC:  3    Str: 10    XL:     7   Next: 13%
Magic:  8/14       EV:  9    Int: 16    God:
Gold:   112        SH:  0    Dex: 11    Spells: 10/16 levels left

rFire   . . .        (no weapon)
rCold   . . .        (no shield)
rNeg    . . .        a - +0 robe
rPois   +            (no helmet)
rElec   .            (no cloak)
rCorr   .            (no gloves)
SInv    +            (no barding)
Will    .....        c - amulet of faith
Stlth   ++           (no ring)
HPRegen 0.29/turn    (no ring)
MPRegen 0.14/turn

%: faith
@: short of breath, hasted, inugami summoned, quick
A: AC +2, large, see invisible, deformed body, poison resistance, slowness 2,
spit poison 1, naga tail 1, dopey 1, MP-powered wands
a: Spit Poison


You were on level 3 of the Dungeon.
You visited 1 branch of the dungeon, and saw 3 of its levels.

You collected 112 gold pieces.

Inventory:

Missiles
 h - 5 datura-tipped darts
Armour
 a - a +0 robe (worn)
Jewellery
 c - an amulet of faith (around neck)
 f - a ring of wizardry
Scrolls
 e - 2 scrolls of teleportation
 j - a scroll of noise
Potions
 b - a potion of magic
 d - 2 potions of haste
 i - a potion of degeneration


   Skills:
 - Level 1.5 Dodging
 - Level 3.0 Stealth
 + Level 5.0 Spellcasting
 + Level 6.5 Summonings


You had 10 spell levels left.
You knew the following spells:

 Your Spells              Type           Power      Damage    Failure   Level
a - Summon Small Mammal   Summ           96%        N/A       1%          1
b - Call Imp              Summ           48%        N/A       1%          2
c - Call Canine Familiar  Summ           24%        N/A       3%          3

Your spell library contained the following spells:

 Spells                   Type           Power      Damage    Failure   Level
 Freeze                   Ice            16%        1d4       16%         1
 Summon Blazeheart Golem  Fire/Summ      14%        N/A       36%         4
 Summon Lightning Spire   Summ/Air       14%        N/A       36%         4
 Frozen Ramparts          Ice            8%         1d2       41%         3
 Hailstorm                Conj/Ice       4%         3d5       41%         3
 Vhi's Electric Charge    Tloc/Air       8%         N/A       83%         4
 Arcjolt                  Conj/Air       2%         1d12      99%         5
 Plasma Beam              Fire/Air       2%         2x1d12    100%        6


Dungeon Overview and Level Annotations

Branches:
Dungeon (3/15)

Altars:
Wu Jian
The Shining One

Annotations:
D:3 Terence


Innate Abilities, Weirdness & Mutations

Your serpentine skin is tough. (AC +2)
You have supernaturally acute eyesight. (SInv)
Armour fits poorly on your strangely shaped body.
Your system is resistant to poisons. (rPois)
You cover ground very slowly.
You can spit poison.
You have a snake-like lower body.
You are dopey. (Int -2)
You expend magic power (3 MP) to strengthen your wands.


Message History

Confirm with . or Enter, or press ? or * to list all spells.
Terence hits you with a +0 mace!
Your cerulean imp hits Terence from afar with a -2 spear.
Your quokka bites Terence but does no damage.
Your quokka closely misses Terence.
Your cerulean imp closely misses Terence.
Terence hits you with a +0 mace!
* * * LOW HITPOINT WARNING * * *
Your quokka bites Terence but does no damage.
Your cerulean imp hits Terence but does no damage.
Your inugami hits Terence.
Your quokka barely misses Terence.
The orc misses your quokka.
Your quokka barely misses Terence.
The orc priest looks satisfied for a moment.
Your cerulean imp hits Terence but does no damage.
Aiming: Spit Poison (1% risk of failure)
Press: ? - help, Shift-Dir - straight line, f - Terence
Aim: Terence, wielding a +0 mace and wearing a +0 scale mail (moderately wounded, ally target, 65% to hit)
The splash of poison hits Terence.
Terence is poisoned.
Terence is heavily wounded.
Your quokka misses Terence. Terence hits you with a +0 mace.
* * * LOW HITPOINT WARNING * * *
The orc misses your inugami.
Your cerulean imp hits Terence with a -2 spear.
Unknown command.
Unknown command.
You feel yourself speed up.
Your inugami hits Terence but does no damage.
Your quokka barely misses Terence.
Terence hits your inugami with a +0 mace!
The orc hits your inugami but does no damage.
Your cerulean imp hits Terence but does no damage.
You hit Terence but do no damage.
Terence is severely wounded.
Your quokka barely misses Terence.
Your quokka bites Terence but does no damage.
Your inugami hits the orc. Terence hits you with a +0 mace.
* * * LOW HITPOINT WARNING * * *
The orc priest invokes the aid of Beogh against you.
Beogh smites you!
You die...

##.....# #.###.###
#.....######.###.# # #
#...>..##........###
##.####...................
.....l#.....###.##.##.....
.....oo)...........##.####
###h5r..###.#####.#...
##r@...# #....##.#...
#...@..# #.##.##.#...
#.###.## ####.##.#.). #.#
#.########...#.). #.#
#.##.....##..#... #.#
#.##.._..#...#... #.#
#.##.....##.##... #.#
#..#8#.#8#....### #.#
#####.####.#.#
#.####........#.#.#


You could see Terence (poisoned, ally target), an orc priest, an orc (ally
target), a frilled lizard, a friendly cerulean imp (summoned), 2 friendly
quokkas and a friendly inugami (summoned).

Vanquished Creatures
  Sigmund (D:3)
  Jessica (D:2)
  An adder (D:3)
  A ribbon worm (D:2)
  2 dart slugs (D:1)
  3 orcs (D:3)
  6 bats
  3 endoplasms
  2 giant cockroaches (D:1)
  2 goblins (D:1)
  A hobgoblin (D:2)
  A jackal (D:1)
  3 ball pythons (D:1)
  A frilled lizard (D:2)
  4 kobolds
  4 rats
36 creatures vanquished.

Vanquished Creatures (collateral kills)
  Grinder (D:3)
  An orc wizard (D:3)
  2 dart slugs (D:2)
  2 orcs (D:3)
  A bat (D:2)
  An endoplasm (D:1)
  4 goblins
  8 hobgoblins
  9 jackals
  A quokka (D:2)
  A ball python (D:2)
  3 frilled lizards
  2 kobolds (D:2)
  A rat (D:1)
37 creatures vanquished.

Grand Total: 73 creatures vanquished

Notes
Turn   | Place    | Note
-------+----------+-------------------------------------------
     0 | D:1      | spaghetti the Naga Summoner began the quest for the Orb.
     0 | D:1      | Reached XP level 1. HP: 15/15 MP: 3/3
    38 | D:1      | Reached XP level 2. HP: 13/22 MP: 1/5
    62 | D:1      | You fall into a shaft and drop 1 floor!
   597 | D:1      | Reached XP level 3. HP: 22/28 MP: 2/6
   600 | D:1      | Learned a level 2 spell: Call Imp
   604 | D:1      | Learned a level 3 spell: Call Canine Familiar
  1538 | D:2      | Gained mutation: You are dopey. (Int -2) [potion of
                  | mutation]
  1538 | D:2      | Gained mutation: You expend magic power (3 MP) to
                  | strengthen your wands. [potion of mutation]
  1700 | D:2      | Reached XP level 4. HP: 26/36 MP: 2/8
  1890 | D:2      | Noticed Jessica
  1898 | D:2      | Killed Jessica
  1899 | D:2      | Reached skill level 5 in Summonings
  2094 | D:2      | Found a faded altar of an unknown god.
  2411 | D:3      | Found an ornate altar of the Wu Jian Council.
  2426 | D:3      | Noticed Grinder
  2461 | D:3      | Killed Grinder
  2462 | D:3      | Reached XP level 5. HP: 42/42 MP: 4/11
  2462 | D:3      | Reached XP level 6. HP: 49/49 MP: 4/12
  2529 | D:3      | Found a glowing golden altar of the Shining One.
  2817 | D:3      | Noticed Sigmund
  2847 | D:3      | Killed Sigmund
  2848 | D:3      | Reached skill level 6 in Summonings
  2848 | D:3      | Reached XP level 7. HP: 18/55 MP: 3/14
  3016 | D:3      | Reached skill level 5 in Spellcasting
  3108 | D:3      | Noticed Terence
  3125 | D:3      | Killed from afar by an orc priest

Illustrated notes

Levels and vault maps discovered:
D:1:      dpeg_arrival_refuge, layout_basic
D:2:      layout_rooms, shapermc_ecumenical_altar_hornbeckon, uniq_jessica
D:3:      layout_basic, mainiacjoe_overflow_six_doors_small,
          mainiacjoe_overflow_alcove_2, uniq_terence, uniq_grinder, uniq_sigmund

Skill      XL: |  1  2  3  4  5  6  7 |
---------------+----------------------+-----
Spellcasting   | 3 4 5 |  5.0
Summonings     | 5 6 |  6.5
Dodging        | |  1.5
Stealth        | |  3.0

Action                     |  1- 3 |  4- 6 |  7- 9 || total
---------------------------+-------+-------+-------++-------
  Melee: Unarmed           |   114 |   136 |    12 ||   262
         Punch             |       |     2 |       ||     2
   Cast: Summon Small Mamm |    28 |     8 |     4 ||    40
         Call Imp          |     8 |     7 |     2 ||    17
         Call Canine Famil |     6 |     6 |     2 ||    14
Ability: Spit Poison       |    12 |     4 |     4 ||    20
    Use: Potion            |     2 |     1 |     1 ||     4
         Scroll            |     1 |     3 |       ||     4
   Stab: Sleeping          |     3 |     2 |       ||     5
 Armour: Robe              |   129 |   135 |    19 ||   283
  Dodge: Dodged            |   100 |   122 |    11 ||   233
